 Dungeon Crawl Stone Soup version 0.20.1-1-g8b1a95d (webtiles) character file.

827 KoningWillie the Chopper (level 7, -2/61 HPs)
             Began as a Minotaur Fighter on Sept 24, 2017.
             Slain by an orc warrior
             ... wielding a +0 glaive
              (13 damage)
             ... on level 6 of the Dungeon.
             The game lasted 00:07:54 (5355 turns).

KoningWillie the Chopper (Minotaur Fighter)         Turns: 5355, Time: 00:07:55

Health: -2/61      AC: 12    Str: 23    XL:     7   Next: 64%
Magic:  6/6        EV:  6    Int:  5    God:
Gold:   299        SH:  9    Dex:  9    Spells: 6/6 levels left

rFire    . . .     SeeInvis .   a - +0 war axe
rCold    . . .     Gourm    .   c - +0 shield
rNeg     . . .     Faith    .   p - +0 chain mail
rPois    .         Spirit   .   (helmet restricted)
rElec    .         Reflect  .   (no cloak)
rCorr    .         Harm     .   E - +0 pair of gloves
MR       .....                  F - +0 pair of boots
Stlth    ..........             (no amulet)
Regen    0.2/turn               (no ring)
MPRegen  0.1/turn               (no ring)

@: drained
A: retaliatory headbutt, horns 2
a: no special abilities


You were on level 6 of the Dungeon.
You were completely stuffed.

You visited 1 branch of the dungeon, and saw 6 of its levels.

You collected 299 gold pieces.

Inventory:

Hand Weapons
 a - a +0 war axe (weapon)
Armour
 b - a +0 scale mail
 c - a +0 shield (worn)
 p - a +0 chain mail (worn)
 B - a +0 ring mail
 E - a +0 pair of gloves (worn)
 F - a +0 pair of boots (worn)
Jewellery
 v - a cursed ring of see invisible {unknown}
Wands
 t - a wand of iceblast (11/15)
 w - a wand of flame (8/48)
Scrolls
 g - a scroll of amnesia {unknown}
 s - a scroll of recharging
 u - a scroll of blinking
 y - a scroll of identify
 A - a scroll of magic mapping {unknown}
 C - a scroll of fog {unknown}
Potions
 d - a potion of might
 e - a potion of lignification
 i - 2 potions of heal wounds {unknown}
 j - 2 potions of berserk rage
 l - 2 potions of ambrosia
 m - a potion of mutation
 o - a potion of curing {unknown}
 q - 2 potions of agility {unknown}
 r - 2 potions of brilliance {unknown}
 x - 2 potions of degeneration {unknown}
 z - a potion of resistance {unknown}
 D - a potion of flight {unknown}
Books
 h - a book of Maledictions

   Spells                             Type                      Level
   a - Corona                         Hexes                        1
   b - Ensorcelled Hibernation        Hexes/Ice                    2
   c - Confuse                        Hexes                        3
   d - Tukima's Dance                 Hexes                        3
   e - Dazzling Spray                 Conjuration/Hexes            3
 n - a book of Changes

   Spells                             Type                      Level
   a - Beastly Appendage              Transmutation                1
   b - Sticks to Snakes               Transmutation                2
   c - Spider Form                    Transmutation/Poison         3
   d - Ice Form                       Ice/Transmutation            4
   e - Blade Hands                    Transmutation                5
Comestibles
 k - a meat ration


   Skills:
 + Level 5.6(5.0) Fighting
 + Level 7.7(7.1) Axes
 + Level 6.2(5.5) Armour
 + Level 2.1(1.6) Dodging
 - Level 3.6(3.0) Shields


You had 6 spell levels left.
You didn't know any spells.

Dungeon Overview and Level Annotations

Branches:
Dungeon (6/15)
 Temple: D:4-7

Altars:
Ashenzari
Nemelex Xobeh
Okawaru
Sif Muna
Uskayaw
Vehumet
Xom

Shops:
D:5 (

Annotations:
D:4 KoningWillie's ghost, amateur DsBe


Innate Abilities, Weirdness & Mutations

You reflexively headbutt those who attack you in melee.
You have a pair of horns on your head.


Message History

The orc warrior barely misses you.
You hit the wight but do no damage.
The wight is lightly damaged.
You hit the orc warrior but do no damage.
You block the wight's attack. The orc warrior hits you with a glaive.
You closely miss the wight.
You headbutt the wight, but do no damage.
The wight is lightly damaged.
You completely miss the orc warrior.
The wight hits you with an enchanted halberd.
You feel drained. You block the orc warrior's attack.
You hit the wight.
The wight is moderately damaged.
You closely miss the orc warrior.
The wight hits you with an enchanted halberd!
* * * LOW HITPOINT WARNING * * *
You feel drained.
* * * LOW HITPOINT WARNING * * *
The orc warrior hits you with a glaive!
You die...

... #.# #..
... #..##.#
...#.# #.$#.#
#..#.# #
#..#o###.#
#..)z@...#
......#.####.#
......... ..
.....###.# #.#
.... .. .. ###
..# # ..# #.#


You could see an orc warrior and a wight.

Vanquished Creatures
  An ogre (D:5)
  A bullfrog (D:5)
  3 centaur zombies (D:5)
  2 hounds (D:5)
  A centaur skeleton (D:5)
  4 orc wizards
  2 orc priests (D:5)
  Natasha (thrice) (D:2 D:3)
  An iguana (D:4)
  2 worker ants (D:5)
  A worker ant zombie (D:6)
  7 adders
  An ooze (D:1)
  An adder skeleton (D:5)
  3 worms
  4 leopard geckos
  9 orcs
  4 bats (D:1)
  2 giant cockroaches
  5 goblins
  10 hobgoblins
  9 jackals
  6 kobolds
  3 quokkas
  2 ball pythons
  6 frilled lizards
  5 rats
98 creatures vanquished.

Notes
Turn   | Place    | Note
-------+----------+-------------------------------------------
     0 | D:1      | KoningWillie the Minotaur Fighter began the quest for the Orb.
     0 | D:1      | Reached XP level 1. HP: 19/19 MP: 0/0
    54 | D:1      | Reached XP level 2. HP: 26/27 MP: 1/1
   802 | D:1      | Reached XP level 3. HP: 33/33 MP: 2/2
  1000 | D:2      | Reached skill level 3 in Axes
  1020 | D:2      | Found an iron altar of Okawaru.
  1152 | D:2      | Found a sparkling altar of Nemelex Xobeh.
  1542 | D:2      | Reached XP level 4. HP: 41/41 MP: 3/3
  1575 | D:2      | Noticed Natasha
  1580 | D:2      | Killed Natasha
  1580 | D:2      | Reached skill level 4 in Axes
  1580 | D:2      | Reached skill level 1 in Dodging
  2281 | D:3      | Found a shimmering altar of Xom.
  2385 | D:3      | Found a faded altar of an unknown god.
  2613 | D:3      | Found a deep blue altar of Sif Muna.
  2616 | D:3      | Found a radiant altar of Vehumet.
  2651 | D:3      | Noticed Natasha
  2655 | D:3      | Killed Natasha
  2655 | D:3      | Reached XP level 5. HP: 47/47 MP: 4/4
  3102 | D:3      | Noticed Natasha
  3111 | D:3      | Killed Natasha
  3111 | D:3      | Reached skill level 5 in Axes
  3746 | D:4      | Noticed KoningWillie's ghost (amateur DsBe)
  3782 | D:5      | Entered Level 5 of the Dungeon
  3785 | D:5      | Found a shattered altar of Ashenzari.
  3795 | D:5      | Reached skill level 5 in Armour
  3847 | D:5      | Reached XP level 6. HP: 52/55 MP: 5/5
  3944 | D:5      | Found Tynkuhea's Weapon Shop.
  4048 | D:5      | Reached skill level 6 in Axes
  4231 | D:5      | Noticed a hand axe
  4233 | D:5      | Noticed a hand axe
  4235 | D:5      | Found a hide-covered altar of Uskayaw.
  4253 | D:5      | Reached skill level 5 in Fighting
  4257 | D:5      | Reached XP level 7. HP: 22/61 MP: 6/6
  4482 | D:5      | Reached skill level 7 in Axes
  5355 | D:6      | Slain by an orc warrior

Skill      XL: |  1  2  3  4  5  6  7 |
---------------+----------------------+-----
Armour         | 4 5 6 |  6.2
Fighting       | 4 5 |  5.6
Axes           | 3 4 5 6 7 |  7.7
Dodging        | 1 2 |  2.1
Shields        | |  3.6

Action                   |  1- 3 |  4- 6 |  7- 9 || total
-------------------------+-------+-------+-------++-------
Melee: War axe           |    82 |   156 |    63 ||   301
       Headbutt          |     7 |    28 |    11 ||    46
  Use: Scroll            |       |     8 |     1 ||     9
       Potion            |       |     2 |       ||     2
  Eat: Bread ration      |     2 |       |     2 ||     4
       Meat ration       |       |     1 |       ||     1
Armor: Scale mail        |    41 |       |       ||    41
       Chain mail        |       |    64 |    38 ||   102
Dodge: Dodged            |    21 |    37 |    11 ||    69
Block: Shield            |    47 |    86 |    28 ||   161
